 Dungeon Crawl Stone Soup version 0.30-a0-757-ga6a79fd877 (webtiles) character file.

Game seed: 6787280043617664668

8487 2FriedEggs the Zephyrmancer (level 10, -3/83 HPs)
             Began as a Demigod Air Elementalist on Feb 9, 2023.
             Slain by a gargoyle
             ... wielding a +0 flail
              (22 damage)
             ... on level 10 of the Dungeon.
             The game lasted 00:23:38 (12904 turns).

2FriedEggs the Zephyrmancer (DgAE)                 Turns: 12904, Time: 00:23:39

Health: -3/83      AC:  8    Str:  9    XL:     10   Next: 85%
Magic:  21/21      EV: 16    Int: 35    God:
Gold:   504        SH:  0    Dex: 20    Spells: 12/19 levels left

rFire   + . .      SeeInvis .    v - +0 long sword
rCold   + . .      Faith    .    (no shield)
rNeg    . . .      Spirit   .    E - +0 steam dragon scales
rPois   .          Reflect  .    q - +0 helmet
rElec   .          Harm     .    G - scarf {rC+ rF+}
rCorr   .          Rampage  .    p - +0 pair of gloves
Will    +....                    K - +0 pair of boots
Stlth   ++                       A - amulet of regeneration
HPRegen 1.13/turn                o - +6 ring of dexterity
MPRegen 0.17/turn                t - +6 ring of intelligence

@: no status effects
A: high MP 1, forlorn, divine attributes
a: no special abilities


You were on level 10 of the Dungeon.
You visited 1 branch of the dungeon, and saw 10 of its levels.

You collected 504 gold pieces.

Inventory:

Hand Weapons
 v - a +0 long sword (weapon)
 C - a +0 sling of freezing
Missiles
 L - 4 curare-tipped darts
Armour
 p - a +0 pair of gloves (worn)
 q - a +0 helmet (worn)
 E - +0 steam dragon scales (worn)
 G - a scarf of resistance (worn)
 K - a +0 pair of boots (worn)
Magical Staves
 M - a staff of conjuration
Jewellery
 a - a ring of positive energy
 o - a +6 ring of dexterity (left hand)
 s - an amulet of guardian spirit
 t - a +6 ring of intelligence (right hand)
 u - an amulet of the acrobat
 A - an amulet of regeneration (around neck)
Wands
 r - a wand of digging (6)
 H - a wand of polymorph (13)
 I - a wand of roots (7)
 J - a wand of flame (9)
Scrolls
 c - 2 scrolls of fog
 h - a scroll of poison {unknown}
 i - 2 scrolls of enchant armour
 k - 2 scrolls of blinking
 w - a scroll of amnesia {unknown}
 x - 2 scrolls of immolation
 y - 2 scrolls of noise {unknown}
 D - 4 scrolls of teleportation {unknown}
 F - a scroll of fear {unknown}
Potions
 d - 2 potions of attraction {unknown}
 e - 4 potions of lignification
 f - 5 potions of curing
 g - 3 potions of flight {unknown}
 j - 2 potions of cancellation
 l - a potion of mutation {unknown}
 m - 4 potions of haste
 n - a potion of might {unknown}
 B - a potion of degeneration {unknown}


   Skills:
 - Level 6.1 Fighting
 - Level 6.5 Dodging
 - Level 1.7 Stealth
 - Level 5.0 Spellcasting
 - Level 8.1 Conjurations
 * Level 9.5 Air Magic


You had 12 spell levels left.
You knew the following spells:

 Your Spells              Type           Power      Damage    Failure   Level
a - Shock                 Conj/Air       100%       1d9       1%          1
b - Static Discharge      Conj/Air       100%       2-7/arc   1%          2
c - Airstrike             Air            33%        2d(5-21)  1%          4

Your spell library contained the following spells:

 Spells                   Type           Power      Damage    Failure   Level
 Foxfire                  Conj/Fire      100%       2x1d9     1%          1
 Magic Dart               Conj           100%       1d8       1%          1
 Cigotuvi's Dreadful Rot  Necr/Pois/Air  62%        N/A       1%          2
 Poisonous Vapours        Pois/Air       84%        N/A       1%          2
 Searing Ray              Conj           100%       2d8       1%          2
 Mephitic Cloud           Conj/Pois/Air  49%        N/A       1%          3
 Swiftness                Air            66%        N/A       1%          3
 Fulminant Prism          Conj/Hex       18%        3d10      8%          4
 Ozocubu's Armour         Ice            8%         N/A       12%         3
 Summon Guardian Golem    Hex/Summ       8%         N/A       12%         3
 Fireball                 Conj/Fire      18%        3d9       22%         5
 Starburst                Conj/Fire      18%        6d7       77%         6
 Orb of Destruction       Conj           30%        9d10      77%         7
 Ozocubu's Refrigeration  Ice            4%         4d8       100%        7
 Spellforged Servitor     Conj/Summ      18%        N/A       100%        7


Dungeon Overview and Level Annotations

Branches:
Dungeon (10/15)            Temple (0/1) D:5
   Lair: D:8-11         Orc: D:9-12

Annotations:
D:8 2 transporters
D:10 Josephine


Innate Abilities, Weirdness & Mutations

You have an increased reservoir of magic. (+10% MP)
You shall have no god before yourself.
Your divine heritage dramatically boosts your attributes as you level up.


Message History

Aiming: Airstrike (mildly dangerous; 1% risk of failure)
Press: ? - help, Dir - move target, f/p - gargoyle
Aim: a gargoyle, wielding a +0 flail (severely damaged, empty space bonus: 7/8)
The air twists around and strikes the gargoyle.
The gargoyle is severely damaged.
The gargoyle hits you with a +0 flail.
* * * LOW HITPOINT WARNING * * *
You hit the gargoyle but do no damage.
The gargoyle is severely damaged.
The gargoyle hits you with a +0 flail.
* * * LOW HITPOINT WARNING * * *
You hit the gargoyle but do no damage.
The gargoyle is severely damaged.
The gargoyle hurls a stone arrow at you.
The stone arrow hits you but does no damage.
The gargoyle hits you with a +0 flail!
* * * LOW HITPOINT WARNING * * *
You hit the gargoyle.
The gargoyle is almost destroyed.
The gargoyle hits you but does no damage.
You hit the gargoyle but do no damage.
The gargoyle is almost destroyed.
The gargoyle hurls a stone arrow at you.
The stone arrow hits you!!
* * * LOW HITPOINT WARNING * * *
The gargoyle hits you with a +0 flail!
* * * LOW HITPOINT WARNING * * *
You feel much better. The gargoyle hits you with a +0 flail.
* * * LOW HITPOINT WARNING * * *
You feel better.
You feel less wooden.
Your scarf of resistance unmelds from your body.
Your +0 helmet unmelds from your body.
Your +0 pair of gloves unmelds from your body.
Your +0 pair of boots unmelds from your body.
Your +0 steam dragon scales unmelds from your body.
You feel resistant to extremes of temperature.
The gargoyle closely misses you. Magic courses through your body.
The gargoyle hits you with a +0 flail!!
You die...

..........#.######
##.##.#
######........... ##
#.. #...##...##...
#... ##.###8...8###
..#. #..#8##...##)
###. #.###'.....'# #
W
#.####.#$#.......#[#
#.....##'....)9.'#
#.####.##..).8.@..#
#.##'.......'#
#.#8#..)....#8#
#.###'.....'###
#..#8##'.'##8#
##.###/###8 ##
#...#######..
###.........#
##.########


You could see a gargoyle.

Vanquished Creatures
  A two-headed ogre (D:9)
  Sonja (D:10)
  3 gargoyles (D:10)
  Maggie (D:6)
  A kobold demonologist (D:9)
  A troll (D:9)
  2 hornets
  A shadow (D:9)
  A wraith (D:10)
  5 yaks
  2 wyverns (D:8)
  2 steam dragons
  An acid dragon (D:9)
  A water moccasin (D:7)
  2 black bears (D:6)
  3 orc warriors
  2 ice beasts
  2 ogres
  2 sky beasts (D:8)
  A centaur (D:8)
  Blork the orc (D:5)
  5 phantoms
  A kobold brigand (D:7)
  A bullfrog (D:9)
  A gnoll sergeant (D:9)
  2 necrophages
  2 scorpions
  6 killer bees
  4 howler monkeys
  A crimson imp (D:7)
  3 hounds
  A jelly (D:5)
  7 orc priests
  4 iguanas
  2 gnoll boudas (D:6)
  10 orc wizards
  12 gnolls
  5 adders
  3 shadow imps
  3 white imps
  2 ufetubi
  5 worms
  4 dart slugs
  47 orcs
  8 bats
  8 endoplasms
  4 giant cockroaches
  7 hobgoblins
  10 jackals
  A quokka (D:4)
  7 ball pythons
  3 frilled lizards
  5 goblins
  10 kobolds
  10 rats
240 creatures vanquished.

Notes
Turn   | Place    | Note
-------+----------+-------------------------------------------
     0 | D:1      | 2FriedEggs the Demigod Air Elementalist began the quest for
                  | the Orb.
     0 | D:1      | Reached XP level 1. HP: 14/14 MP: 5/5
   257 | D:1      | Reached XP level 2. HP: 20/20 MP: 2/8
  1108 | D:1      | Reached XP level 3. HP: 22/26 MP: 6/10
  1259 | D:2      | Learned a level 2 spell: Static Discharge
  2012 | D:2      | Reached XP level 4. HP: 33/33 MP: 9/12
  3263 | D:3      | Noticed a necrophage
  3448 | D:3      | Killed a necrophage
  3449 | D:3      | Reached XP level 5. HP: 30/38 MP: 4/15
  3948 | D:4      | Reached skill level 5 in Spellcasting
  4041 | D:4      | Reached skill level 1 in Conjurations
  4123 | D:4      | Reached skill level 3 in Air Magic
  4326 | D:4      | Noticed a steam dragon
  4397 | D:4      | Reached XP level 6. HP: 45/45 MP: 16/16
  4480 | D:4      | Killed a steam dragon
  4572 | D:4      | Reached skill level 4 in Air Magic
  4646 | D:5      | Entered Level 5 of the Dungeon
  4730 | D:5      | Found a staircase to the Ecumenical Temple.
  4823 | D:5      | Noticed Blork the orc
  4847 | D:5      | Killed Blork the orc
  4848 | D:5      | Reached XP level 7. HP: 50/50 MP: 12/17
  4882 | D:5      | Learned a level 4 spell: Airstrike
  5065 | D:5      | Reached skill level 5 in Air Magic
  5651 | D:6      | Noticed a steam dragon
  5656 | D:6      | Killed a steam dragon
  5657 | D:6      | Reached skill level 5 in Conjurations
  5833 | D:6      | Reached skill level 6 in Air Magic
  5833 | D:6      | Reached XP level 8. HP: 57/57 MP: 12/19
  6609 | D:6      | Noticed Maggie
  6619 | D:6      | Killed Maggie
  6620 | D:6      | Reached skill level 7 in Air Magic
  7197 | D:6      | Reached XP level 9. HP: 56/62 MP: 12/20
  7707 | D:7      | Reached skill level 8 in Air Magic
  8673 | D:8      | Found a transporter.
  8993 | D:8      | Reached skill level 1 in Fighting
  9418 | D:8      | Noticed a deep elf pyromancer
  9418 | D:8      | Noticed a cyan ugly thing
  9419 | D:8      | Noticed a cyclops
  9420 | D:8      | Noticed a deep elf pyromancer
  9423 | D:8      | Noticed a cyclops
  9424 | D:8      | Noticed a boulder beetle
  9955 | D:8      | Found a transporter.
 10445 | D:9      | Noticed a two-headed ogre
 10453 | D:9      | Killed a two-headed ogre
 10454 | D:9      | Reached XP level 10. HP: 79/79 MP: 8/21
 10664 | D:9      | Reached skill level 5 in Dodging
 11116 | D:9      | Reached skill level 5 in Fighting
 11462 | D:9      | Noticed an angel
 11468 | D:9      | Noticed a profane servitor
 12026 | D:10     | Entered Level 10 of the Dungeon
 12117 | D:10     | Noticed Josephine
 12406 | D:10     | Identified the +5 hand axe of the Pyrrhic Victory
                  | {antimagic, rC- Int+5}
 12443 | D:10     | Noticed Sonja
 12447 | D:10     | Killed Sonja
 12595 | D:10     | Reached skill level 9 in Air Magic
 12904 | D:10     | Slain by a gargoyle

Illustrated notes

Levels and vault maps discovered:
D:1:      amcnicky_arrival_choice, layout_loops_ring, minmay_rat_gold_closets
D:2:      layout_basic, nicolae_ecumenical_snake_handling, cheibrodos_gnoll_hut
D:3:      layout_basic, mainiacjoe_overflow_alcove_1
D:4:      layout_rooms
D:5:      layout_rooms, minmay_temple_entry_stoned_glass, uniq_blork_the_orc
D:6:      layout_cave_pools, grunt_dithmenos_shadows, kennysheep_mini,
          uniq_maggie
D:7:      layout_gridville, minmay_fire_ice_demons
D:8:      gammafunk_cloud_chamber, layout_loops_corners,
          onia_ninara_dug_in_and_dangerous
D:9:      layout_long_grid, grunt_temple_overflow_holy_war
D:10:     cheibrodos_statue_roulette, layout_loops_ring,
          mainiacjoe_overflow_surrounded_room, minmay_beelzebubs_servants,
          uniq_josephine, uniq_sonja

Skill      XL: |  1  2  3  4  5  6  7  8  9 10 |
---------------+-------------------------------+-----
Spellcasting   | 2 3 4 5 |  5.0
Conjurations   | 2 3 5 7 8 |  8.1
Air Magic      | 3 4 6 7 8 9 |  9.5
Dodging        | 4 6 |  6.5
Fighting       | 4 6 |  6.1
Stealth        | |  1.7

Action                     |  1- 3 |  4- 6 |  7- 9 | 10-12 || total
---------------------------+-------+-------+-------+-------++-------
  Melee: Dagger            |    31 |       |       |       ||    31
         Unarmed           |     1 |       |       |       ||     1
         Long sword        |       |       |    22 |    32 ||    54
         Punch             |       |       |     1 |     2 ||     3
         Staff             |       |       |       |     3 ||     3
   Fire: Sling             |       |     3 |     5 |       ||     8
   Cast: Shock             |   106 |   159 |   282 |    34 ||   581
         Static Discharge  |       |     5 |    32 |     1 ||    38
         Airstrike         |       |       |    45 |    56 ||   101
    Use: Scroll            |       |       |     5 |     1 ||     6
         Potion            |       |       |     1 |     6 ||     7
 Armour: Robe              |    11 |     4 |       |       ||    15
         Leather armour    |       |     3 |    17 |       ||    20
         Skin              |       |       |     3 |    11 ||    14
         Steam dragon scal |       |       |    27 |    13 ||    40
  Dodge: Dodged            |    43 |    22 |    97 |    59 ||   221

Table legend: (Time is in decaauts)
 A = Elapsed time spent in this place.
 B = Non-inter-level travel time spent in this place.
 C = Inter-level travel time spent in this place.
 D = Time resting spent in this place.
 E = Time spent auto-exploring this place.
 F = Levels seen in this place.
 G = Mean time per level.
                   A        B        C        D        E       F      G
               +--------+--------+--------+--------+--------+-----+--------+
         Total |  12935 |  12451 |    484 |   4247 |   6016 |  10 | 1293.5 |
       Dungeon |  12935 |  12451 |    484 |   4247 |   6016 |  10 | 1293.5 |
               +--------+--------+--------+--------+--------+-----+--------+

Top non-repeatable levels by time:
     D:9: 1945 daAuts
     D:8: 1699 daAuts
     D:6: 1518 daAuts
     D:2: 1496 daAuts
     D:1: 1254 daAuts
     D:5: 1247 daAuts
     D:3: 1186 daAuts
     D:7: 1185 daAuts
     D:4: 785 daAuts
    D:10: 617 daAuts
